 Dungeon Crawl Stone Soup version 0.31-a0-174-g85c54bcb58 (webtiles) character file.

Game seed: 5621819640826275947

2786 qw the Cleaver (level 9, 0/55 HPs)
             Began as a Gargoyle Fighter on June 15, 2023.
             Was an Initiate of Okawaru.
             Slain by a wight
             ... wielding a +3 great sword
              (2 damage)
             ... on level 6 of the Dungeon.
             The game lasted 00:02:09 (4330 turns).

qw the Cleaver (Gargoyle Fighter)                   Turns: 4330, Time: 00:02:09

Health: 0/55       AC: 19    Str: 31    XL:     9   Next: 70%
Magic:  9/9        EV:  8    Int:  8    God:    Okawaru [......]
Gold:   920        SH: 11    Dex: 15    Spells: 8/8 levels left

rFire   . . .        Y - +2 war axe
rCold   . . .        j - +0 kite shield
rNeg    + . .        k - +0 plate armour
rPois   inf          a - +0 helmet
rElec   +            (no cloak)
rCorr   .            (no gloves)
SInv    .            (no boots)
Will    .....        (no amulet) Stlth
                     e - +6 ring of dexterity
HPRegen 0.29/turn    b - +6 ring of strength
MPRegen 0.11/turn

%: no passive effects
@: no status effects
A: sickness immunity, AC +6, negative energy resistance 1, electricity
resistance, torment resistance 1, petrification resistance
a: Renounce Religion


You were on level 6 of the Dungeon.
You worshipped Okawaru.
Okawaru was noncommittal.
You visited 1 branch of the dungeon, and saw 6 of its levels.

You collected 987 gold pieces.
You spent 67 gold pieces at shops.


Innate Abilities, Weirdness & Mutations

You are immune to sickness and miasma.
Your stone body is resilient. (AC +6)
You are immune to poison.
You resist negative energy. (rN+)
You are resistant to electric shocks. (rElec)
You are resistant to unholy torment.
You are immune to petrification.


   Skills:
 - Level 6.1 Fighting
 - Level 8.4 Axes
 - Level 1.5 Throwing
 - Level 5.1 Armour
 - Level 2.1 Dodging
 + Level 7.8 Shields


You had 8 spell levels left.
You didn't know any spells.
Your spell library was empty.

Inventory:

Hand Weapons
 x - a -3 eveningstar
 Y - a +2 war axe (weapon)
Missiles
 l - 5 boomerangs (quivered)
Armour
 a - a +0 helmet (worn)
 j - a +0 kite shield (worn)
 k - a +0 plate armour (worn)
Jewellery
 b - a +6 ring of strength (right hand)
 e - a +6 ring of dexterity (left hand)
 f - a ring of fire
Wands
 m - a wand of digging (4)
Scrolls
 r - a scroll of identify
Potions
 d - a potion of might
 h - 3 potions of curing
 n - a potion of haste
 o - a potion of mutation
 p - a potion of lignification {unknown}
 q - a potion of invisibility {unknown}
 s - a potion of resistance {unknown}

Dungeon Overview and Level Annotations

Branches:
Dungeon (6/15)
 Temple: D:4-7

Altars:
Ashenzari
Dithmenos
Elyvilon
Gozag
Okawaru
Uskayaw
Wu Jian
Zin

Shops:
D:4 (   D:5 *

Annotations:
D:6 3 runed translucent doors, qw's ghost, amateur GrFi


Message History

The wight is severely damaged.
You closely miss the wight.
The wight hits you with a +3 great sword!
The wight hits you but does no damage.
You closely miss the wight.
The wight is severely damaged.
You slash the wight! The wight hits you with a +4 hand axe.
You block the wight's attack. The wight hits you but does no damage.
The wight misses you.
The wight hits you from afar with a +3 halberd.
You block the wight's attack.
The wight hits you with a +1 short sword of freezing.
The wight freezes you.
You slash the wight!
You destroy the wight!
Okawaru accepts your kill.
You hit the wight. You closely miss the wight.
The wight hits you but does no damage.
The wight hits you with a +3 great sword!
The wight completely misses you.
You completely miss the wight.
The wight is severely damaged.
You hit the wight. The wight hits you but does no damage.
You block the wight's attack. The wight closely misses you.
You hit the wight.
The wight is severely damaged.
You hit the wight. You block the wight's attack. The wight barely misses you.
The wight hits you but does no damage.
You slash the wight!
You destroy the wight!
Okawaru accepts your kill.
You hit the wight but do no damage. The wight hits you but does no damage.
The wight hits you from afar with a +3 halberd.
You hit the wight but do no damage.
The wight is severely damaged.
The wight hits you with a +3 great sword.
You die...

#...#########.##.......###..#c.
..# .####.#.....#...#..
~.###..#####.....#o. .~.#....##
#.....#J.
.~~.#.....####.....#W.
_.~~.#..##..........#..
...~~.#.####.........#..
#..##..........###
#@).#.............
#)z...............
z.............#..#
..............###..
...............##...
..........))<...##...
.....###...).....##..#
#.................###.#
.............#.#..


You could see 2 wights.

Vanquished Creatures
  Maggie (D:6)
  A yak (D:5)
  2 wyverns (D:5)
  A steam dragon (D:6)
  An orc warrior (D:6)
  A black bear (D:5)
  An ice beast (D:5)
  A centaur (D:5)
  A phantom (D:5)
  3 kobold brigands (D:6)
  2 bullfrogs
  5 scorpions (D:5)
  3 wights (D:6)
  A howler monkey (D:5)
  3 hounds (D:5)
  3 jellies
  6 orc priests
  Jessica (D:2)
  A sleepcap (D:5)
  2 iguanas (D:5)
  2 orc wizards
  Robin (D:2)
  7 adders
  A gnoll (D:5)
  A white imp (D:5)
  4 dart slugs
  17 orcs
  4 ball pythons
  9 endoplasms
  16 goblins
  6 hobgoblins
  9 bats
  3 frilled lizards
  16 kobolds
  4 rats
140 creatures vanquished.

Notes
Turn   | Place    | Note
-------+----------+-------------------------------------------
     0 | D:1      | qw the Gargoyle Fighter began the quest for the Orb.
     0 | D:1      | Reached XP level 1. HP: 14/14 MP: 1/1
     0 | D:1      | 0 ||| qw: Version: 0.2-a-29-g511e9b1
     0 | D:1      | 0 ||| qw: Game counter: 5593
     0 | D:1      | 0 ||| qw: Always use a shield: true
     0 | D:1      | 0 ||| qw: God list: Okawaru
     0 | D:1      | 0 ||| qw: Allow faded altars: false
     0 | D:1      | 0 ||| qw: Do Orc after D:15 true
     0 | D:1      | 0 ||| qw: Do second Lair branch before Depths: true
     0 | D:1      | 0 ||| qw: Lair rune preference: random
     0 | D:1      | 0 ||| qw: Plans: Normal, Zot:1-4, Slime:5, God:TSO, Crypt,
                  | Tomb, Abyss, Pan, Hells, Win
     0 | D:1      | 0 ||| PLANNING D:1-11
    38 | D:1      | Reached skill level 2 in Axes
    62 | D:1      | 62 ||| Stepping ~*~*~tactically~*~*~ (stealth).
    97 | D:1      | 97 ||| Stepping ~*~*~tactically~*~*~ (hiding).
   104 | D:1      | Reached XP level 2. HP: 19/19 MP: 2/2
   295 | D:1      | 295 ||| Stepping ~*~*~tactically~*~*~ (hiding).
   296 | D:1      | 296 ||| Stepping ~*~*~tactically~*~*~ (hiding).
   541 | D:1      | Reached skill level 3 in Axes
   575 | D:1      | Reached XP level 3. HP: 23/23 MP: 3/3
   877 | D:1      | 877 ||| UPGRADING to +0 chain mail.
   887 | D:1      | 887 ||| DROPPING +0 scale mail.
   888 | D:1      | 888 ||| UPGRADING to +0 plate armour.
   898 | D:1      | 898 ||| DROPPING +0 chain mail.
   899 | D:1      | 899 ||| UPGRADING to +6 ring of dexterity.
   900 | D:1      | 900 ||| READING scroll labelled UNOWA LEAXOQAU.
   901 | D:1      | 901 ||| READING scroll labelled NAODUDDALE.
  1057 | D:2      | Noticed Robin
  1066 | D:2      | Killed Robin
  1068 | D:2      | Reached XP level 4. HP: 21/28 MP: 4/4
  1210 | D:2      | Noticed Jessica
  1215 | D:2      | Killed Jessica
  1216 | D:2      | Reached skill level 4 in Axes
  1324 | D:2      | 1324 ||| DROPPING +0 whip.
  1606 | D:2      | 1606 ||| UPGRADING to +0 helmet.
  1611 | D:2      | 1611 ||| UPGRADING to +6 ring of strength.
  1612 | D:2      | 1612 ||| DRINKING 3 bubbling puce potions.
  1613 | D:2      | 1613 ||| DRINKING 3 fizzy ruby potions.
  1792 | D:3      | Reached skill level 1 in Dodging
  1792 | D:3      | Reached XP level 5. HP: 32/32 MP: 5/5
  2026 | D:3      | 2026 ||| READING 2 scrolls labelled WOPTOECSIW.
  2027 | D:3      | 2027 ||| READING scroll labelled LELOYB WOKHE.
  2028 | D:3      | 2028 ||| READING scroll labelled VOECYGGUESIEM.
  2029 | D:3      | 2029 ||| READING scroll labelled EPOGOA TECREO.
  2030 | D:3      | 2030 ||| READING scroll labelled KEECIR LARUBIA.
  2031 | D:3      | 2031 ||| DROPPING scroll of poison.
  2063 | D:4      | Identified the +5 sling "Kineiw" {freeze, rElec rF+ Int+5
                  | Dex-3}
  2218 | D:4      | Reached skill level 5 in Axes
  2218 | D:4      | 2218 ||| DRINKING 3 potions of curing.
  2218 | D:4      | 2218 ||| (to cure confusion)
  2240 | D:4      | Found an opulent altar of Gozag.
  2240 | D:4      | Found a glowing silver altar of Zin.
  2267 | D:4      | Found Fopronic's Weapon Shoppe.
  2338 | D:4      | Found a white marble altar of Elyvilon.
  2361 | D:4      | 2361 ||| Stepping ~*~*~tactically~*~*~ (stealth).
  2532 | D:5      | Entered Level 5 of the Dungeon
  2537 | D:5      | Reached XP level 6. HP: 38/38 MP: 6/6
  2616 | D:5      | Found a broken altar of Ashenzari.
  2705 | D:5      | Noticed a wyvern
  2707 | D:5      | Noticed an ice beast
  2714 | D:5      | Killed a wyvern
  2715 | D:5      | Reached skill level 6 in Axes
  2715 | D:5      | Reached XP level 7. HP: 13/44 MP: 7/7
  2724 | D:5      | Reached skill level 7 in Axes
  2725 | D:5      | Noticed a yak
  2732 | D:5      | HP: 2/44 [yak (12)]
  2733 | D:5      | 2733 ||| DRINKING 2 potions of heal wounds.
  2735 | D:5      | Reached XP level 8. HP: 32/49 MP: 8/8
  2738 | D:5      | Reached skill level 1 in Throwing
  2742 | D:5      | HP: 7/49 [orc priest/divine providence (14)]
  2743 | D:5      | 2743 ||| DRINKING potion of heal wounds.
  2747 | D:5      | Killed a yak
  2747 | D:5      | HP: 7/49 [orc priest/divine providence (11)]
  2754 | D:5      | HP: 7/49 [scorpion (2)]
  2759 | D:5      | Reached skill level 8 in Axes
  2791 | D:5      | 2791 ||| Stepping ~*~*~tactically~*~*~ (stealth).
  2813 | D:5      | 2813 ||| Stepping ~*~*~tactically~*~*~ (stealth).
  2815 | D:5      | 2815 ||| Stepping ~*~*~tactically~*~*~ (stealth).
  2889 | D:5      | 2889 ||| Stepping ~*~*~tactically~*~*~ (stealth).
  2896 | D:5      | 2896 ||| Stepping ~*~*~tactically~*~*~ (stealth).
  2899 | D:5      | Noticed a wyvern
  2900 | D:5      | 2900 ||| Stepping ~*~*~tactically~*~*~ (stealth).
  2903 | D:5      | 2903 ||| Stepping ~*~*~tactically~*~*~ (stealth).
  2904 | D:5      | 2904 ||| Stepping ~*~*~tactically~*~*~ (stealth).
  2905 | D:5      | 2905 ||| Stepping ~*~*~tactically~*~*~ (stealth).
  2912 | D:5      | Killed a wyvern
  2913 | D:5      | Reached skill level 6 in Fighting
  2965 | D:5      | 2965 ||| Stepping ~*~*~tactically~*~*~ (stealth).
  3045 | D:5      | 3045 ||| Stepping ~*~*~tactically~*~*~ (hiding).
  3186 | D:5      | Found Xasmemu's Lightly-Used Armoury.
  3194 | D:5      | 3194 ||| SHOPLISTING -1 demon whip (130 gold, have 78).
  3194 | D:5      | 3194 ||| SHOPLISTING -1 pearl dragon scales (1235 gold,
                  | have 78).
  3194 | D:5      | 3194 ||| BUYING -2 demon whip (65 gold).
  3194 | D:5      | Bought a -2 demon whip for 65 gold pieces
  3194 | D:5      | 3194 ||| SHOPLISTING -2 eveningstar (65 gold, have 13).
  3194 | D:5      | 3194 ||| BUYING -3 demon whip (1 gold).
  3194 | D:5      | Bought a -3 demon whip for 1 gold piece
  3194 | D:5      | 3194 ||| BUYING -3 eveningstar (1 gold).
  3194 | D:5      | Bought a -3 eveningstar for 1 gold piece
  3194 | D:5      | 3194 ||| DROPPING +0 flail.
  3195 | D:5      | 3195 ||| DROPPING -2 demon whip.
  3196 | D:5      | 3196 ||| DROPPING -3 demon whip.
  3309 | D:5      | 3309 ||| Stepping ~*~*~tactically~*~*~ (stealth).
  3378 | D:5      | Reached XP level 9. HP: 44/55 MP: 9/9
  3544 | D:5      | 3544 ||| READING scroll of enchant weapon.
  3544 | D:5      | 3544 ||| ENCHANTING +1 war axe.
  3670 | D:5      | 3670 ||| UPGRADING to +0 kite shield.
  3680 | D:5      | 3680 ||| DROPPING +0 buckler.
  3681 | D:5      | 3681 ||| READING scroll labelled MOKKUNG TABBOUN.
  3685 | D:5      | 3685 ||| READING scroll labelled FIOSHAU ROOF.
  3685 | D:5      | Identified a scroll of acquirement
  3685 | D:5      | 3685 ||| ACQUIRING 835 gold pieces
  3685 | D:5      | Acquired 835 gold pieces
  3687 | D:5      | 3687 ||| READING scroll labelled TURIYNW FATS.
  3688 | D:5      | 3688 ||| DRINKING 3 coppery potions.
  3689 | D:5      | 3689 ||| READING 2 scrolls of identify.
  3689 | D:5      | 3689 ||| IDENTIFYING yellow potion
  3690 | D:5      | 3690 ||| DROPPING 2 potions of brilliance.
  3813 | D:6      | Found a hide-covered altar of Uskayaw.
  3845 | D:6      | Noticed qw's ghost (amateur GrFi)
  3851 | D:6      | Found a runed translucent gate.
  3851 | D:6      | Found a runed translucent gate.
  3851 | D:6      | Found a runed translucent gate.
  3865 | D:6      | Found an ornate altar of the Wu Jian Council.
  3960 | D:6      | Found a shadowy altar of Dithmenos.
  3961 | D:6      | 3961 ||| Stepping ~*~*~tactically~*~*~ (stealth).
  3963 | D:6      | 3963 ||| Stepping ~*~*~tactically~*~*~ (stealth).
  3965 | D:6      | 3965 ||| Stepping ~*~*~tactically~*~*~ (stealth).
  4018 | D:6      | Found an iron altar of Okawaru.
  4018 | D:6      | Noticed Maggie
  4019 | D:6      | 4019 ||| PLANNING OKAWARU WORSHIP
  4019 | D:6      | 4019 ||| Stepping ~*~*~tactically~*~*~ (hiding).
  4039 | D:6      | HP: 11/55 [Maggie/+2 scimitar of flaming (13)]
  4039 | D:6      | HP: 5/55 [Maggie/+2 scimitar of flaming (6)]
  4043 | D:6      | Killed Maggie
  4044 | D:6      | Reached skill level 6 in Shields
  4220 | D:6      | 4220 ||| READING 2 scrolls of identify.
  4220 | D:6      | 4220 ||| IDENTIFYING murky puce potion
  4226 | D:6      | Became a worshipper of Warmaster Okawaru
  4227 | D:6      | 4227 ||| PLANNING D:1-11
  4326 | D:6      | HP: 4/55 [wight/+3 great sword (11)]
  4329 | D:6      | HP: 1/55 [wight/+3 halberd (4)]
  4330 | D:6      | Slain by a wight

Levels and vault maps discovered:
D:1:      psy_arrival_fountain, layout_basic, grunt_decor_resistance
D:2:      layout_basic, minivault_23, minmay_stone_trees_medium, uniq_robin,
          uniq_jessica
D:3:      layout_rooms
D:4:      layout_rooms, grunt_temple_overflow_gold_and_silver, elyvilon_altar_1,
          serial_shops, shop
D:5:      cheibrodos_fzero, layout_gridville, ashenzari_conservatory_becter,
          minmay_shop_damaged
D:6:      layout_cave_pools, nicolae_wu_jian_wuxing_cycle,
          mainiacjoe_overflow_paths, mainiacjoe_overflow_alcove_2,
          mainiacjoe_overflow_six_doors_small,
          minmay_temple_entry_enclosed_plants, gammafunk_ghost_split,
          hangedman_decor_lopped, uniq_maggie

Skill      XL: |  1  2  3  4  5  6  7  8  9 |
---------------+----------------------------+-----
Axes           | 2 3 4 5 6 7 8 |  8.4
Dodging        | 1 2 |  2.1
Fighting       | 4 5 6 |  6.1
Armour         | 4 5 |  5.1
Throwing       | 1 |  1.5
Shields        | 7 |  7.8

Action                     |  1- 3 |  4- 6 |  7- 9 || total
---------------------------+-------+-------+-------++-------
  Melee: War axe           |    75 |    70 |   145 ||   290
  Throw: Boomerang         |    15 |    49 |    34 ||    98
    Use: Scroll            |     2 |     5 |     6 ||    13
         Potion            |       |     3 |     3 ||     6
 Armour: Scale mail        |    33 |       |       ||    33
         Plate armour      |    26 |    52 |   111 ||   189
  Dodge: Dodged            |    30 |    19 |    60 ||   109
  Block: Buckler           |    12 |    14 |    27 ||    53
         Kite shield       |       |       |    29 ||    29

Table legend:
 A = Non-vault XP
 B = Vault XP
 C = Vault XP percentage of total XP
 D = Non-vault monster count
 E = Vault monster count
 F = Vault count percentage of total count
                 A         B        C        D         E       F
            +---------+---------+-------+---------+---------+-------
      Total |    2142 |    1839 |  46.2 |     108 |      32 |  22.9
            +---------+---------+-------+---------+---------+-------
        D:1 |      42 |       0 |   0.0 |      25 |       0 |   0.0
        D:2 |      23 |      71 |  75.5 |      12 |      13 |  52.0
        D:3 |      67 |       0 |   0.0 |      14 |       0 |   0.0
        D:4 |     110 |       0 |   0.0 |      11 |       0 |   0.0
        D:5 |     819 |    1379 |  62.7 |      22 |      18 |  45.0
        D:6 |    1081 |     389 |  26.5 |      24 |       1 |   4.0
            +---------+---------+-------+---------+---------+-------
